 Dungeon Crawl Stone Soup version 0.28.0 (webtiles) character file.

Game seed: 3194005248095725523

103 bande the Skirmisher (level 4, -1/29 HPs)
             Began as a Gargoyle Fighter on Feb 11, 2022.
             Slain by Crazy Yiuf (12 damage)
             ... on level 2 of the Dungeon.
             The game lasted 00:02:59 (1869 turns).

bande the Skirmisher (Gargoyle Fighter)             Turns: 1869, Time: 00:02:59

Health: -1/29      AC: 10    Str: 19    XL:     4   Next: 79%
Magic:  0/4        EV:  9    Int:  9    God:
Gold:   55         SH:  5    Dex: 11    Spells: 3/3 levels left

rFire   . . .      SeeInvis .   a - +0 war axe
rCold   . . .      Faith    .   c - +1 buckler
rNeg    + . .      Spirit   .   b - +0 scale mail
rPois   ∞          Reflect  .   (no helmet)
rElec   +          Harm     .   (no cloak)
rCorr   .          Rampage  .   (no gloves)
Will    .....                   (no boots)
Stlth   ..........              (no amulet)
HPRegen 0.09/turn               (no ring)
MPRegen 0.09/turn               (no ring)

@: no status effects
A: sickness immunity, AC +3, negative energy resistance 1, electricity
resistance, torment resistance 1, petrification resistance
a: no special abilities


You were on level 2 of the Dungeon.
You visited 1 branch of the dungeon, and saw 2 of its levels.

You collected 55 gold pieces.

Inventory:

Hand Weapons
 a - a +0 war axe (weapon)
Armour
 b - a +0 scale mail (worn)
 c - a +1 buckler (worn)
Jewellery
 g - a ring of ice
 m - a ring of wizardry
 p - a ring of wizardry
Scrolls
 e - 4 scrolls of teleportation
 k - 2 scrolls of enchant armour
Potions
 d - a potion of might
 f - a potion of ambrosia
 i - a potion of mutation {unknown}
 l - a potion of brilliance {unknown}
 o - 2 potions of resistance {unknown}


   Skills:
 + Level 3.9 Fighting
 + Level 3.1 Axes
 + Level 3.9 Armour
 + Level 3.8 Shields


You had 3 spell levels left.
You didn't know any spells.
Your spell library contained the following spells:

 Spells                   Type           Power      Damage    Failure   Level
 Ozocubu's Armour         Ice            0%         N/A       99%         3
 Ozocubu's Refrigeration  Ice            0%         4d5       100%        7


Dungeon Overview and Level Annotations

Branches:
Dungeon (2/15)

Altars:

Annotations:
D:2 Crazy Yiuf


Innate Abilities, Weirdness & Mutations

You are immune to sickness and miasma.
Your stone body is resilient. (AC +3)
You are immune to poison.
You resist negative energy. (rN+)
You are resistant to electric shocks. (rElec)
You are resistant to unholy torment.
You are immune to petrification.


Message History

No target in view!
No target in view!
No target in view!
No target in view!
No target in view!
A dart slug comes into view.
A dart slug is nearby!
The dart slug barely misses you.
You slash the dart slug!
You kill the dart slug!
No target in view!
No target in view!
No target in view!
No target in view!
There is an open door here.
Crazy Yiuf shouts!
Crazy Yiuf sings, "Trees, trees, trees, circus!"
Could not explore, unopened runed door.
Could not explore, unopened runed door.
As you open the door, it creaks loudly!
You hit Crazy Yiuf.
Crazy Yiuf is lightly wounded.
You block Crazy Yiuf's attack.
You barely miss Crazy Yiuf.
Crazy Yiuf is lightly wounded.
Crazy Yiuf hits you with a +3 quarterstaff of chaos!
You hit Crazy Yiuf.
Crazy Yiuf is moderately wounded.
Crazy Yiuf hits you with a +3 quarterstaff of chaos.
Crazy Yiuf freezes you.
Crazy Yiuf hits you with a +3 quarterstaff of chaos!
You feel your power leaking away.
You barely miss Crazy Yiuf.
Crazy Yiuf is moderately wounded.
You block Crazy Yiuf's attack.
You hit Crazy Yiuf but do no damage.
Crazy Yiuf is moderately wounded.
Crazy Yiuf barely misses you.
Crazy Yiuf hits you with a +3 quarterstaff of chaos!
You die...

..............'.............>....
..............#..................
#####..#####..#..................
.......# ################......
##.##..# #...... ##.##..#
####...... ##.##..##### ###
#......... ...##...#..## ###..)#
#......... ##..#.......####@g...#
#......... #..#........#..##...#
#......... ##.....##...#.### ###
#......... #......########
#.....#### #..#.#..# #.....# #
#..#..##################.....# #
#..##.##.##...........+......# #
...##.##.##..#######.##......####
...##.##.##..# #.#...........


You could see Crazy Yiuf.

Vanquished Creatures
  5 adders (D:2)
  A worm (D:2)
  4 dart slugs
  2 ball pythons
  5 bats
  2 endoplasms
  2 giant cockroaches (D:1)
  3 hobgoblins
  2 jackals (D:1)
  2 quokkas (D:1)
  2 frilled lizards
  5 goblins
  5 kobolds
  9 rats
49 creatures vanquished.

Notes
Turn   | Place    | Note
-------+----------+-------------------------------------------
     0 | D:1      | bande the Gargoyle Fighter began the quest for the Orb.
     0 | D:1      | Reached XP level 1. HP: 14/14 MP: 1/1
    44 | D:1      | Found a faded altar of an unknown god.
   124 | D:1      | Reached XP level 2. HP: 19/19 MP: 2/2
   544 | D:1      | Reached XP level 3. HP: 24/24 MP: 3/3
   861 | D:2      | Reached XP level 4. HP: 25/29 MP: 4/4
  1586 | D:2      | Found a runed translucent door.
  1587 | D:2      | Noticed Crazy Yiuf
  1869 | D:2      | Slain by Crazy Yiuf

Illustrated notes

Levels and vault maps discovered:
D:1:      lemuel_arrival_room, layout_basic, ebering_ecumenical_altar_webs,
          st_stairs_9
D:2:      layout_basic, grunt_decor_mini_mirrors, uniq_crazy_yiuf_cottage

Skill      XL: |  1  2  3  4 |
---------------+-------------+-----
Axes           | 2 3 |  3.1
Fighting       | |  3.9
Armour         | |  3.9
Shields        | |  3.8

Action                   |  1- 3 |  4- 6 || total
-------------------------+-------+-------++-------
Melee: War axe           |    77 |    46 ||   123
  Use: Scroll            |     2 |     3 ||     5
Armor: Scale mail        |    58 |    25 ||    83
Dodge: Dodged            |    47 |    17 ||    64
Block: Buckler           |    12 |    12 ||    24
